 Dungeon Crawl Stone Soup version 0.21-a0-552-g593960d (webtiles) character file.

3620 Megalobster the Destroyer (level 9, -7/52 HPs)
             Began as a Deep Elf Fire Elementalist on Dec 17, 2017.
             Was a Follower of Vehumet.
             Mangled by a killer bee (10 damage)
             ... on level 8 of the Dungeon.
             The game lasted 00:38:40 (9217 turns).

Megalobster the Destroyer (DEFE)                    Turns: 9217, Time: 00:38:41

Health: -7/52      AC:  8    Str:  6    XL:     9   Next: 86%
Magic:  21/23      EV: 17    Int: 21    God:    Vehumet [*.....]
Gold:   96         SH:  0    Dex: 17    Spells: 5/24 levels left

rFire    . . .     SeeInvis .   i - +2 dagger (distort)
rCold    . . .     Gourm    .   (no shield)
rNeg     . . .     Faith    .   a - +0 robe
rPois    .         Spirit   .   K - +2 hat
rElec    .         Reflect  .   B - +0 cloak
rCorr    .         Harm     .   f - +1 pair of gloves
MR       .....                  u - +0 pair of boots
Stlth    ++........             (no amulet)
HPRegen  0.17/turn              (no ring)
MPRegen  0.18/turn              (no ring)

@: lethally poisoned (-7 -> -11), very slightly contaminated
A: no striking features
a: Renounce Religion


You were on level 8 of the Dungeon.
You worshipped Vehumet.
Vehumet was aware of your devotion.
You were hungry.

You visited 2 branches of the dungeon, and saw 9 of its levels.
You also visited: Sewer.

You collected 316 gold pieces.
You spent 220 gold pieces at shops.

Inventory:

Hand Weapons
 e - a +1 short sword of venom
 i - a +2 dagger of distortion (weapon)
 y - a cursed -3 rapier
 I - a +2 great sword
Missiles
 A - 17 stones (quivered)
Armour
 a - a +0 robe (worn)
 f - a +1 pair of gloves (worn)
 u - a +0 pair of boots (worn)
 B - a +0 cloak (worn)
 K - a +2 hat (worn)
Jewellery
 r - an uncursed ring of ice
Wands
 n - a wand of acid (23)
Scrolls
 j - 3 scrolls of blinking
 k - a scroll of fog {unknown}
 l - a scroll of immolation {unknown}
 m - 2 scrolls of enchant weapon {unknown}
 o - 3 scrolls of enchant armour {unknown}
 s - 4 scrolls of teleportation {unknown}
 v - 2 scrolls of magic mapping {unknown}
 C - 2 scrolls of amnesia {unknown}
 F - 4 scrolls of identify {unknown}
 G - 2 scrolls of remove curse {unknown}
 M - a scroll of noise {unknown}
Potions
 g - a potion of curing
 h - 3 potions of might {unknown}
 p - a potion of magic {unknown}
 q - 2 potions of degeneration {unknown}
 t - a potion of lignification {unknown}
 x - 2 potions of heal wounds {unknown}
 z - 3 potions of mutation {unknown}
 E - a potion of haste {unknown}
 L - a potion of agility
Books
 b - a book of Flames

   Spells                             Type                      Level
   a - Flame Tongue                   Conjuration/Fire             1
   b - Throw Flame                    Conjuration/Fire             2
   c - Conjure Flame                  Conjuration/Fire             3
   d - Inner Flame                    Hexes/Fire                   3
   e - Sticky Flame                   Conjuration/Fire             4
   f - Fireball                       Conjuration/Fire             5
 J - a book of Maledictions

   Spells                             Type                      Level
   a - Corona                         Hexes                        1
   b - Ensorcelled Hibernation        Hexes/Ice                    2
   c - Confuse                        Hexes                        3
   d - Tukima's Dance                 Hexes                        3
   e - Dazzling Spray                 Conjuration/Hexes            3
Comestibles
 c - 4 bread rations
 d - 2 meat rations
 D - 3 fruits
 H - a royal jelly


   Skills:
 + Level 4.3 Fighting
 + Level 7.3 Dodging
 - Level 3.1 Stealth
 + Level 8.1 Spellcasting
 * Level 9.0 Conjurations
 + Level 7.0 Fire Magic
 + Level 1.8 Earth Magic


You had 5 spell levels left.
You knew the following spells:

 Your Spells              Type           Power        Failure   Level  Hunger
a - Flame Tongue          Conj/Fire      #####        1%          1    None
b - Throw Flame           Conj/Fire      #####.       1%          2    None
c - Conjure Flame         Conj/Fire      #####...     1%          3    None
d - Sticky Flame          Conj/Fire      #####...     2%          4    ###....
e - Fireball              Conj/Fire      #####.....   8%          5    #####..
f - Sandblast             Erth           ###...       3%          1    None
g - Dazzling Spray        Conj/Hex       ####..       3%          3    None


Dungeon Overview and Level Annotations

Branches:
Dungeon (8/15)             Temple (1/1) D:6
   Lair: D:8-11

Altars:
Ashenzari
Cheibriados
Dithmenos
Elyvilon
Fedhas
Gozag
Hepliaklqana
Kikubaaqudgha
Makhleb
Nemelex Xobeh
Okawaru
Qazlal
Sif Muna
Trog
Uskayaw
Vehumet
Wu Jian
Xom
Yredelemnul
Zin
The Shining One

Shops:
D:4 *   D:7 *:*

Annotations:
Abyss:1 Duvessa


Message History

You feel sick. The killer bee stings you.
* * * LOW HITPOINT WARNING * * *
The killer bee barely misses you. The killer bee stings you.
* * * LOW HITPOINT WARNING * * *
You miss the killer bee.
The killer bee is almost dead.
The killer bee stings you but does no damage.
The killer bee barely misses you.
It was a potion of curing.
You feel better.
The killer bee stings you but does no damage.
The killer bee stings you!
* * * LOW HITPOINT WARNING * * *
You are lethally poisoned!
The killer bee poisons you!
You miss the killer bee.
The killer bee is almost dead.
* * * LOW HITPOINT WARNING * * *
You feel sick. The killer bee stings you!
You die...

#####.##.......# #.#......#####..
.>#............###...####..#....#
#......##...........## ##...####
##.....#.......###.## #..##
##.###.#........##.#######.>###
#..# #...........#.##.........#
..## #.##..... #.#.##.#######.#
### #.###...###.#.#..##### .# .#
##.........y@.........# .# .##
#.........####...####... ..
...##.........# #...# # ..
##............# #..... ...
###..#........# #.###.. ...
..#..#........# ### #.# ...
.....#........# ####.## #..
#.......####### ###.....### #..
#.......# #...###...## #..


You could see a killer bee.

Vanquished Creatures
  A hippogriff (D:7)
  A hungry ghost (D:7)
  Purgy (Sewer)
  3 orc warriors
  An ice beast (D:6)
  2 sky beasts
  A phantom (D:7)
  3 ogres
  2 centaurs (D:7)
  2 big kobolds (D:8)
  7 bullfrogs
  A water moccasin zombie (D:6)
  Dowan (D:6)
  A scorpion (D:4)
  A howler monkey (D:7)
  3 wights (D:6)
  A bullfrog zombie (D:5)
  5 hounds
  3 orc priests
  A gnoll shaman (D:4)
  3 jellies
  2 centaur skeletons (D:4)
  Crazy Yiuf (D:4)
  3 orc wizards (D:7)
  2 iguanas (D:8)
  5 worker ants
  2 hound zombies
  A hound skeleton (D:5)
  A worker ant zombie (D:7)
  2 howler monkey skeletons (D:4)
  9 adders
  9 gnolls
  3 shadow imps
  2 oozes
  2 adder skeletons (D:4)
  3 worms
  2 dart slugs
  3 leopard geckos
  22 orcs
  3 ball pythons
  8 giant cockroaches
  8 goblins
  5 hobgoblins
  5 jackals
  17 kobolds
  4 quokkas
  9 bats
  3 frilled lizards
  A quokka skeleton (D:4)
  6 rats
187 creatures vanquished.

Vanquished Creatures (others)
  A killer bee (D:8)
  An orc (D:3)
  A bat (D:2)
3 creatures vanquished.

Grand Total: 190 creatures vanquished

Notes
Turn   | Place    | Note
-------+----------+-------------------------------------------
     0 | D:1      | Megalobster the Deep Elf Fire Elementalist began the quest for the Orb.
     0 | D:1      | Reached XP level 1. HP: 10/10 MP: 6/6
   377 | D:1      | Reached XP level 2. HP: 12/15 MP: 4/8
   381 | D:1      | Learned a level 2 spell: Throw Flame
   679 | D:1      | Reached skill level 2 in Conjurations
  1513 | D:2      | Reached XP level 3. HP: 19/19 MP: 8/10
  1797 | D:2      | Found an iron altar of Okawaru.
  2084 | D:2      | Learned a level 3 spell: Conjure Flame
  2196 | D:3      | Reached skill level 3 in Conjurations
  2196 | D:3      | Reached XP level 4. HP: 16/24 MP: 3/11
  2458 | D:3      | Learned a level 4 spell: Sticky Flame
  2713 | D:3      | Reached XP level 5. HP: 28/28 MP: 9/13
  3002 | D:4      | Reached skill level 1 in Fighting
  3008 | D:4      | Reached XP level 6. HP: 10/34 MP: 5/14
  3478 | D:4      | Found a runed door.
  3512 | D:4      | Noticed Crazy Yiuf
  3516 | D:4      | Killed Crazy Yiuf
  3516 | D:4      | Reached skill level 4 in Conjurations
  3977 | D:4      | Found Ithixak's Assorted Antiques.
  4165 | D:5      | Entered Level 5 of the Dungeon
  4181 | D:5      | Reached skill level 5 in Spellcasting
  4181 | D:5      | Reached XP level 7. HP: 39/39 MP: 16/16
  4351 | D:5      | Reached skill level 5 in Conjurations
  4451 | D:5      | Found a glowing drain.
  4519 | Sewer    | Entered a sewer
  4572 | Sewer    | Noticed Purgy
  4589 | Sewer    | Killed Purgy
  4732 | D:5      | Learned a level 5 spell: Fireball
  4788 | D:5      | Reached skill level 5 in Fire Magic
  4944 | D:5      | Reached skill level 5 in Dodging
  5291 | D:6      | Reached skill level 6 in Conjurations
  5291 | D:6      | Reached XP level 8. HP: 45/45 MP: 15/18
  5420 | D:6      | Found a staircase to the Ecumenical Temple.
  5426 | Temple   | Entered the Ecumenical Temple
  5576 | Temple   | Became a worshipper of Vehumet
  6066 | D:6      | Noticed Duvessa
  6066 | D:6      | Noticed Dowan
  6070 | D:6      | Banished Duvessa
  6085 | D:6      | Killed Dowan
  6281 | D:6      | Reached skill level 7 in Conjurations
  6727 | D:7      | Found Katafuba's General Store.
  6748 | D:7      | Bought a +2 hat for 176 gold pieces
  6748 | D:7      | Bought a potion of agility for 44 gold pieces
  6794 | D:7      | Reached * piety under Vehumet
  6794 | D:7      | Offered knowledge of Sandblast by Vehumet.
  6794 | D:7      | Reached XP level 9. HP: 48/51 MP: 11/21
  6889 | D:7      | Learned a level 1 spell: Sandblast
  6893 | D:7      | Learned a level 3 spell: Dazzling Spray
  6940 | D:7      | Reached skill level 8 in Conjurations
  7745 | D:7      | Found Zougot's Assorted Antiques.
  7933 | D:7      | Reached skill level 1 in Earth Magic
  8142 | D:7      | Found Naipnaps's Book Boutique.
  8577 | D:8      | Found a basalt altar of Yredelemnul.
  8821 | D:8      | Found a glowing silver altar of Zin.
  8821 | D:8      | Found a shimmering altar of Xom.
  8822 | D:8      | Found an iron altar of Okawaru.
  9105 | D:8      | Reached skill level 9 in Conjurations
  9214 | D:8      | HP: 1/52 [killer bee (5)]
  9217 | D:8      | Mangled by a killer bee

Vault maps used:
D:1:      giann_wishing_wells
D:2:      okawaru_metal_pillars_1_2
D:3:      first_bread
D:4:      serial_shops, shop, uniq_crazy_yiuf_cottage
D:5:      cheibrodos_sewer_entry_sluice
D:6:      minmay_temple_entry_metal_lava, serial_undead, serial_undead_f,
          serial_undead_e, serial_undead_e, serial_undead_b,
          kennysheep_generic_room_6, uniq_duvessa
D:7:      serial_shops, nicolae_shop_trees, shop, shop
D:8:      lemuel_coloured_pillars_altar, gammafunk_temple_overflow_forgotten,
          david_nohive_1, minmay_misc_feat_five, hangedman_decor_lopped,
          kennysheep_small_square
Temple:   hc_temple_tempest_star
Sewer:    sewer_big_baddie

Skill      XL: |  1  2  3  4  5  6  7  8  9 |
---------------+----------------------------+-----
Conjurations   | 2 3 4 6 7 9 |  9.0
Dodging        | 3 4 5 6 7 |  7.3
Spellcasting   | 4 5 7 8 |  8.1
Fire Magic     | 4 5 6 7 |  7.0
Stealth        | 3 |  3.1
Fighting       | 1 2 3 4 |  4.3
Earth Magic    | 1 |  1.8

Action                   |  1- 3 |  4- 6 |  7- 9 || total
-------------------------+-------+-------+-------++-------
Melee: Dagger            |    40 |    36 |    75 ||   151
 Cast: Flame Tongue      |    45 |    63 |   248 ||   356
       Throw Flame       |     8 |     5 |    22 ||    35
       Conjure Flame     |     1 |     4 |    19 ||    24
       Sticky Flame      |       |     1 |     3 ||     4
       Sandblast         |       |       |     8 ||     8
       Fireball          |       |       |     3 ||     3
Evoke: Wand              |       |     2 |       ||     2
  Use: Scroll            |       |       |     1 ||     1
       Potion            |       |       |     1 ||     1
 Stab: Sleeping          |     3 |     8 |     5 ||    16
  Eat: Chunk             |     4 |     6 |    13 ||    23
       Fruit             |       |     1 |     1 ||     2
       Royal jelly       |       |       |     1 ||     1
Armor: Robe              |     6 |    12 |    33 ||    51
Dodge: Dodged            |    30 |    30 |   124 ||   184

Table legend:
 A = Spawn XP
 B = Non-spawn XP
 C = Spawn XP percentage of total XP
 D = Spawn monster count
 E = Non-spawn monster count
 F = Spawn count percentage of total count
 G = Total turns spent on level
                    A         B        C        D         E        F      G
               +---------+---------+-------+---------+---------+-------+---------
         Total |       0 |    5172 |   0.0 |       0 |     191 |   0.0 |  9217
               +---------+---------+-------+---------+---------+-------+---------
           D:1 |       0 |      37 |   0.0 |       0 |      20 |   0.0 |  1334
           D:2 |       0 |      48 |   0.0 |       0 |      18 |   0.0 |   826
           D:3 |       0 |     132 |   0.0 |       0 |      25 |   0.0 |   869
           D:4 |       0 |     473 |   0.0 |       0 |      25 |   0.0 |  1136
           D:5 |       0 |     527 |   0.0 |       0 |      19 |   0.0 |   876
           D:6 |       0 |    1088 |   0.0 |       0 |      22 |   0.0 |  1383
           D:7 |       0 |    2086 |   0.0 |       0 |      36 |   0.0 |  1516
           D:8 |       0 |     633 |   0.0 |       0 |      20 |   0.0 |   911
         Sewer |       0 |     148 |   0.0 |       0 |       6 |   0.0 |   206
               +---------+---------+-------+---------+---------+-------+---------
